 Dungeon Crawl Stone Soup version 0.30.1-9-gdf580d7c3d (webtiles) character file.

Game seed: 6514564476595178154

154 lonewolfV2 the Shield-Bearer (level 5, -12/42 HPs)
             Began as a Formicid Fighter on Oct 12, 2023.
             Killed by an exploding adder (33 damage)
             ... ignited by their inner flame
             ... on level 4 of the Dungeon.
             The game lasted 00:03:11 (2166 turns).

lonewolfV2 the Shield-Bearer (Formicid Fighter)     Turns: 2166, Time: 00:03:13

Health: -12/42     AC:  7    Str: 21    XL:     5   Next: 63%
Magic:  5/5        EV: 10    Int:  7    God:
Gold:   177        SH:  5    Dex: 15    Spells: 4/4 levels left

rFire   . . .        a - +0 war axe
rCold   . . .        c - +0 buckler
rNeg    . . .        b - +0 scale mail
rPois   .            (helmet unavailable)
rElec   .            (no cloak)
rCorr   .            (no gloves)
SInv    +            (no boots)
Will    .....        (no amulet) Stlth
                     (no ring)
HPRegen 0.27/turn    (no ring)
MPRegen 0.09/turn

%: no passive effects
@: weak-willed
A: permanent stasis, dig shafts and tunnels, antennae 3, four strong arms
a: Dig, Shaft Self


You were on level 4 of the Dungeon.
You visited 1 branch of the dungeon, and saw 4 of its levels.

You collected 177 gold pieces.

Inventory:

Hand Weapons
 a - a +0 war axe (weapon)
Armour
 b - a +0 scale mail (worn)
 c - a +0 buckler (worn)
 h - a +3 leather armour
Scrolls
 f - a scroll of immolation
 q - a scroll of fog {unknown}
 s - 2 scrolls of enchant armour {unknown}
Potions
 d - a potion of might
 e - a potion of flight {unknown}
 g - a potion of brilliance {unknown}
 j - a potion of cancellation {unknown}
 l - a potion of lignification {unknown}
 m - 2 potions of magic
 n - 5 potions of curing
 o - a potion of degeneration {unknown}
 r - 2 potions of mutation
 t - a potion of invisibility {unknown}
 u - 2 potions of attraction


   Skills:
 + Level 4.1 Fighting
 + Level 3.2 Axes
 + Level 4.2 Armour
 + Level 1.3 Dodging
 + Level 0.1 Stealth
 + Level 4.8 Shields


You had 4 spell levels left.
You didn't know any spells.
Your spell library was empty.

Dungeon Overview and Level Annotations

Branches:
Dungeon (4/15)
 Temple: D:4-7

Altars:


Innate Abilities, Weirdness & Mutations

You cannot be hasted, slowed, berserked, paralysed or teleported.
You can dig through walls and to a lower floor.
You have a pair of large antennae on your head. (SInv)
Your four strong arms can wield two-handed weapons with a shield.


Message History

There is an escape hatch in the ceiling here.
You hear the rapid rusting of a very distant drain.
Done exploring.
Done exploring.
Done exploring.
Done exploring.
You hear the rapid rusting of a very distant drain.
You hear the rapid rusting of a very distant drain.
There is an escape hatch in the floor here.
You hear the drain falling apart.
The walls and floor vibrate strangely for a moment.
There is a stone staircase leading up here.
There is a stone staircase leading down here.
You climb downwards.
The adder hisses angrily.
Found a scroll labelled BISTUX TEHIPP and a potion of heal wounds.
There is a stone staircase leading up here.
As you read the scroll labelled PATASE UR AHODD, it crumbles to dust.
The creatures around you are filled with an inner flame!
It was a scroll of immolation.
As you read the scroll labelled GIH NUXUMM, it crumbles to dust.
Magic quickly surges around you.
It was a scroll of vulnerability.
As you read the scroll labelled XOQIONGACOC, it crumbles to dust.
It is a scroll of identify.
n - 5 potions of curing
As you read the scroll of identify, it crumbles to dust.
m - 2 potions of magic
As you read the scroll of identify, it crumbles to dust.
u - 2 potions of attraction
As you read the scroll of identify, it crumbles to dust.
r - 2 potions of mutation The adder bites you.
As you read the scroll labelled DIMEFU NURUO, it crumbles to dust.
Your body is wracked with pain!
The adder convulses!
Flame seeps out of the adder.
It was a scroll of torment.
The adder is engulfed in blazing flames.
The adder explodes!
The fiery explosion engulfs you!!
Ouch! That really hurt!
You die...

#.......#
#.......#
#.......##
#........
#.......##
###...§§...
!?....§○§#
#@# #.# #.#
#+#


There were no monsters in sight!

Vanquished Creatures
  Jessica (D:3)
  Ijyb (D:3)
  Terence (D:2)
  3 adders
  2 worms
  2 dart slugs
  2 orcs (D:3)
  5 bats
  4 endoplasms
  3 giant cockroaches
  3 goblins
  3 hobgoblins
  6 jackals
  3 kobolds
  2 quokkas
  2 ball pythons
  4 rats
47 creatures vanquished.

Notes
Turn   | Place    | Note
-------+----------+-------------------------------------------
     0 | D:1      | lonewolfV2 the Formicid Fighter began the quest for the
                  | Orb.
     0 | D:1      | Reached XP level 1. HP: 18/18 MP: 1/1
    40 | D:1      | Reached XP level 2. HP: 24/24 MP: 2/2
   554 | D:1      | Reached XP level 3. HP: 30/30 MP: 3/3
   752 | D:2      | Noticed Terence
   764 | D:2      | Killed Terence
   765 | D:2      | Reached XP level 4. HP: 21/37 MP: 4/4
   887 | D:2      | Reached skill level 1 in Dodging
  1543 | D:3      | Found a faded altar of an unknown god.
  1544 | D:3      | Noticed Jessica
  1549 | D:3      | Reached XP level 5. HP: 42/42 MP: 5/5
  1558 | D:3      | Killed Jessica
  1585 | D:3      | Found a glowing drain.
  1905 | D:3      | Noticed Ijyb
  1925 | D:3      | Killed Ijyb
  2166 | D:4      | Killed by an exploding adder... ignited by their inner
                  | flame

Illustrated notes

Levels and vault maps discovered:
D:1:      wander_arrival_chamber, layout_loops_ring
D:2:      layout_basic, uniq_terence
D:3:      layout_loops_cross, portal_sewer_entry_e,
          hellmonk_ecumenical_altar_dog_temple, uniq_jessica, uniq_ijyb
D:4:      layout_loops_corners, mainiacjoe_overflow_concentric_impassable,
          roderic_batcave, roderic_lattice_a

Skill      XL: |  1  2  3  4  5 |
---------------+----------------+-----
Fighting       | 4 |  4.1
Dodging        | 1 |  1.3
Armour         | 4 |  4.2
Axes           | 3 |  3.2
Stealth        | |  0.1
Shields        | |  4.8

Action                     |  1- 3 |  4- 6 || total
---------------------------+-------+-------++-------
  Melee: War axe           |    51 |    96 ||   147
    Use: Scroll            |       |     7 ||     7
 Armour: Scale mail        |    24 |    42 ||    66
  Dodge: Dodged            |    35 |    64 ||    99
  Block: Buckler           |    14 |    39 ||    53
